cohdb
Replays
Latest Replays
All Replays
Popular Replays
Top Player Replays
Match Explorer
How It Works
Community
CoH3 Stats
Reddit
Sign in to upload your games and track your stats! →
Sign in with Steam
Match 44750056
Unlisted
Match 44750056
Overview
Messages
Build Orders
End
Kradschützen Motorcycle Team
Selects Panzerjäger Kommand Battlegroup
Selects Panzerjäger Kommand Battlegroup
Selects Mine Fields
Panzergrenadier Squad
250 Light Carrier
Construct Light Support Kompanie
Combat Half-tracks
Panzergrenadier Squad
Selects GrB 39 Grenade Launcher Requisition
Fire Support Elements
Vehicle Survival Package
Panzerjäger Mechanized Group
Flakvierling Half-track
Construct Panzerarmee Kommand
Emergency Repair Kits
ganxuezhao1
XuZhongwei
0
0
Comments
sign in to comment!
No comments posted yet!